 Dungeon Crawl Stone Soup version 0.27.1-1-g398f81649c (webtiles) character file.

Game seed: 2775911247661057466

50 bobkasz2 the Shield-Bearer (level 3, -2/33 HPs)
             Began as a Minotaur Fighter on Sept 15, 2021.
             Frozen to death by an endoplasm (5 damage)
             ... on level 2 of the Dungeon.
             The game lasted 00:03:06 (794 turns).

bobkasz2 the Shield-Bearer (Minotaur Fighter)        Turns: 794, Time: 00:03:07

Health: -2/33      AC:  7    Str: 21    XL:     3   Next: 55%
Magic:  2/2        EV:  8    Int:  5    God:
Gold:   24         SH:  9    Dex:  9    Spells: 2/2 levels left

rFire    . . .     SeeInvis .   a - +0 long sword
rCold    . . .     Faith    .   c - +0 kite shield
rNeg     . . .     Spirit   .   b - +0 scale mail
rPois    .         Reflect  .   (helmet restricted)
rElec    .         Harm     .   (no cloak)
rCorr    .         Rampage  .   (no gloves)
Will     .....                  (no boots)
Stlth    ..........             (no amulet)
HPRegen  0.11/turn              (no ring)
MPRegen  0.08/turn              (no ring)

@: no status effects
A: horns 2, retaliatory headbutt
a: no special abilities


You were on level 2 of the Dungeon.
You visited 1 branch of the dungeon, and saw 2 of its levels.

You collected 24 gold pieces.

Inventory:

Hand Weapons
 a - a +0 long sword (weapon)
Armour
 b - a +0 scale mail (worn)
 c - a +0 kite shield (worn)
Scrolls
 f - a scroll of magic mapping {unknown}
 g - a scroll of amnesia {unknown}
 j - a scroll of identify {unknown}
Potions
 d - a potion of might
 e - a potion of flight {unknown}
 h - a potion of degeneration {unknown}
 i - a potion of resistance {unknown}
 k - a potion of haste {unknown}


   Skills:
 + Level 4.2 Fighting
 + Level 2.7 Long Blades
 + Level 4.0 Armour
 + Level 1.2 Dodging
 + Level 4.2 Shields


You had 2 spell levels left.
You didn't know any spells.
Your spell library was empty.

Dungeon Overview and Level Annotations

Branches:
Dungeon (2/15)

Altars:
Xom


Innate Abilities, Weirdness & Mutations

You have a pair of horns on your head.
You reflexively headbutt those who attack you in melee.


Message History

The giant cockroach bites you but does no damage.
The kobold hits you but does no damage. The endoplasm freezes you.
You are frozen.
You block the rat's attack.
Your Dodging skill increases to level 1!
The giant cockroach bites you but does no damage.
The endoplasm freezes you.
You are frozen.
You block the giant cockroach's attack. The rat bites you but does no damage.
You see here an adder corpse.
Your shield and scale mail prevent you from hitting the giant cockroach.
The kobold hits you with a +0 short sword.
You block the giant cockroach's attack. The endoplasm barely misses you.
You block the rat's attack.
The kobold hits you with a +0 short sword.
You barely miss the giant cockroach.
Your headbutt misses the giant cockroach.
The giant cockroach bites you but does no damage.
The endoplasm freezes you.
You are frozen.
The rat bites you but does no damage. The kobold hits you but does no damage.
You block the giant cockroach's attack. The endoplasm freezes you.
You are frozen.
You barely miss the giant cockroach. The giant cockroach bites you.
The rat bites you but does no damage. You block the kobold's attack.
The endoplasm barely misses you. The rat bites you.
* * * LOW HITPOINT WARNING * * *
The giant cockroach bites you but does no damage.
The kobold hits you but does no damage.
You slash the giant cockroach!
You kill the giant cockroach!
The endoplasm freezes you.
You are frozen.
* * * LOW HITPOINT WARNING * * *
You block the rat's attack.
The kobold hits you with a +0 short sword.
* * * LOW HITPOINT WARNING * * *
The endoplasm freezes you.
You are frozen.
You die...

#..........
#..........
#..........
..........
##.._.....# ###
#..........
#.###..........
#..##...$......
#...>@r........
#.###KJ........
#.# ##........#
#.# ##......##
#.# .>...###
#.# .#....# #.#
#....#.. #.#
#.#......# #.#
. #...#..# #


You could see an endoplasm, a kobold and a rat.

Vanquished Creatures
  An adder (D:2)
  4 dart slugs (D:1)
  2 ball pythons (D:1)
  2 bats (D:1)
  3 endoplasms
  3 giant cockroaches
  2 goblins (D:1)
  6 hobgoblins
  A kobold (D:1)
  A quokka (D:1)
  3 frilled lizards (D:1)
  2 rats (D:1)
30 creatures vanquished.

Notes
Turn   | Place    | Note
-------+----------+-------------------------------------------
     0 | D:1      | bobkasz2 the Minotaur Fighter began the quest for the Orb.
     0 | D:1      | Reached XP level 1. HP: 19/19 MP: 0/0
    54 | D:1      | Reached XP level 2. HP: 27/27 MP: 1/1
   315 | D:1      | Reached XP level 3. HP: 33/33 MP: 2/2
   777 | D:2      | Found a shimmering altar of Xom.
   790 | D:2      | Reached skill level 1 in Dodging
   794 | D:2      | Frozen to death by an endoplasm

Illustrated notes

Levels and vault maps discovered:
D:1:      amcnicky_arrival_gap_in_the_tavern_cellar, layout_basic,
          minmay_statues_item, minmay_misc_feat_rugged, minmay_door_square,
          minmay_tripent
D:2:      layout_rooms, shapermc_ecumenical_altar_acropolis, basic_altar

Skill      XL: |  1  2  3 |
---------------+----------+-----
Shields        | 4 |  4.2
Armour         | 4 |  4.0
Fighting       | 4 |  4.2
Dodging        | 1 |  1.2
Long Blades    | |  2.7

Action                   || total
-------------------------++-------
Melee: Long sword        ||    60
       Headbutt          ||     8
Armor: Scale mail        ||    45
Dodge: Dodged            ||    22
Block: Kite shield       ||    41
       Rpst.: Long sword ||     7
